 Dungeon Crawl Stone Soup version bcrawl-1.19.2-6-g6a88ae04c9 (webtiles) character file.

Game seed: 15222854210958099770

2912 Mrkan the Photosynthesist (level 9, -12/91 HPs)
             Began as a Troll Fighter on Jan 11, 2020.
             Was an Elder of Fedhas.
             Mangled by a death yak (19 damage)
             ... on level 7 of the Dungeon.
             The game lasted 00:08:42 (5521 turns).

Mrkan the Photosynthesist (Troll Fighter)           Turns: 5521, Time: 00:08:42

Health: -12/91     AC:  9    Str: 27    XL:     9   Next: 49%
Magic:  13/13      EV:  8    Int:  6    God:    Fedhas [****..]
Gold:   700        SH:  8    Dex: 10    Spells: 8/8 levels left

rFire    . . .     SeeInvis .     - Unarmed
rCold    . . .     Gourm    +   a - +0 shield
rNeg     . . .     Faith    .   (armour unavailable)
rPois    .         Spirit   .   (helmet restricted)
rElec    .         Reflect  .   y - +0 cloak
rCorr    .         Harm     .   (gloves unavailable)
MR       .....                  (boots unavailable)
Stlth    +.........             (no amulet)
HPRegen  0.65/turn              (no ring)
MPRegen  0.13/turn              (no ring)

@: no status effects
A: large, almost no armour, unfitting armour, claws 3, fast metabolism 3,
gourmand, regeneration 1, AC +8
a: Fungal Bloom, Sunlight, Evolution, Growth, Reproduction, Renounce Religion


You were on level 7 of the Dungeon.
You worshipped Fedhas.
Fedhas was greatly pleased with you.
You were completely stuffed.

You visited 1 branch of the dungeon, and saw 7 of its levels.

You collected 700 gold pieces.

Inventory:

Missiles
 i - 94 javelins (quivered)
Armour
 a - a +0 shield (worn)
 y - a +0 cloak (worn)
Jewellery
 f - an uncursed ring of protection from fire {unknown}
 m - an uncursed ring of positive energy {unknown}
 q - an uncursed ring of magical power {unknown}
 w - an uncursed ring of protection from magic {unknown}
 A - an uncursed ring of protection from magic {unknown}
Wands
 n - a wand of acid (8)
 x - a wand of random effects (11)
Scrolls
 d - 7 scrolls of identify {unknown}
 e - 2 scrolls of teleportation {unknown}
 g - 3 scrolls of remove curse {unknown}
 k - 2 scrolls of blinking {unknown}
 l - 2 scrolls of enchant armour {unknown}
 o - a scroll of magic mapping {unknown}
 p - 2 scrolls of noise {unknown}
 s - a scroll of amnesia {unknown}
 t - a scroll of fog {unknown}
 u - a scroll of fear {unknown}
 v - 3 scrolls of immolation {unknown}
Potions
 b - a potion of might
 h - 5 potions of lignification {unknown}
 j - 3 potions of curing {unknown}
 r - 2 potions of brilliance {unknown}
 z - a potion of agility {unknown}
Comestibles
 c - 15 rations {!d}
 B - 6 chunks of flesh


   Skills:
 + Level 6.3 Fighting
 + Level 4.4 Throwing
 - Level 2.4 Dodging
 - Level 2.0 Shields
 - Level 7.0 Unarmed Combat
 * Level 7.2 Invocations


You had 8 spell levels left.
You didn't know any spells.
Your spell library contained the following spells:

 Spells                   Type           Power        Failure   Level  Hunger
 Animate Skeleton         Necr           N/A          92%         1    ##.....
 Corona                   Hex            #......      92%         1    ##.....
 Pain                     Necr           #.....       92%         1    ##.....
 Shackle                  Hex            #.......     98%         2    ###....
 False Image              Hex/Summ       #.......     100%        3    ####...
 Inner Flame              Hex/Fire       N/A          100%        3    ####...
 Regeneration             Chrm/Necr      #.........   100%        3    ####...
 Vampiric Draining        Necr           #.........   100%        3    ####...
 Animate Dead             Necr           N/A          100%        4    #####..
 Cause Fear               Hex            #.........   100%        4    #####..
 Yara's Violent Unravell  Hex/Tmut       #.........   100%        4    #####..
 Bolt of Draining         Conj/Necr      #.........   100%        5    ######.


Dungeon Overview and Level Annotations

Branches:
Dungeon (7/12)             Temple (0/1) D:6
   Lair: D:7-9

Altars:
Cheibriados
Fedhas
Qazlal
Sif Muna

Shops:
D:5 (


Innate Abilities, Weirdness & Mutations

You cannot wear most types of armour.
Your thick skin is tough. (AC +8)
You are too large for most types of armour.
You have claws for hands.
Your metabolism is lightning-fast.
You like to eat raw meat.
Your natural rate of healing is unusually fast.


Message History

You scratch the death yak but do no damage.
The death yak is heavily wounded.
The death yak gores you.
There is an open door here.
You scratch the death yak but do no damage.
The death yak is heavily wounded.
The death yak gores you!!
* * * LOW HITPOINT WARNING * * *
You claw the death yak!
The death yak is heavily wounded.
You block the death yak's attack.
You scratch the death yak.
The death yak is severely wounded.
The death yak gores you!!
* * * LOW HITPOINT WARNING * * *
You scratch the death yak.
The death yak is severely wounded.
The death yak gores you!!
You die...
Fedhas appreciates your contribution to the ecosystem.

##########...#####...#####
#...............#
#.#.#...........#
#.#.............#
#.##.............
#.##.#'##...#####
#.##.#.##...#
#.##...##...#
#......@Yl..+
#.#....>##...#
#.######...# ... ....# ###
.#### . .. ######


You could see a death yak and a basilisk.

Vanquished Creatures
  An elephant (D:7)
  A troll (D:7)
  Prince Ribbit (D:6)
  A hippogriff (D:6)
  A crocodile (D:7)
  2 ice beasts (D:6)
  3 sky beasts
  A phantom (D:4)
  An ogre (D:7)
  4 bullfrogs
  A jelly (D:6)
  A howler monkey (D:5)
  5 crimson imps
  2 hounds
  An orc priest (D:3)
  A centaur skeleton (D:6)
  Jessica (D:2)
  An iguana (D:4)
  5 worker ants
  3 orc wizards
  A hound zombie (D:6)
  4 gnolls
  11 adders
  2 shadow imps
  2 oozes
  2 adder skeletons (D:5)
  A worm (D:6)
  3 dart slugs
  9 leopard geckos
  9 orcs
  5 giant cockroaches
  12 hobgoblins
  10 jackals
  3 kobolds
  5 quokkas
  2 ball pythons
  5 bats
  4 frilled lizards
  5 goblins
  A jackal skeleton (D:4)
  A leopard gecko skeleton (D:4)
  19 rats
153 creatures vanquished.

Notes
Turn   | Place    | Note
-------+----------+-------------------------------------------
     0 | D:1      | Mrkan the Troll Fighter began the quest for the Orb.
     0 | D:1      | Reached XP level 1. HP: 22/22 MP: 0/0
   104 | D:1      | Reached XP level 2. HP: 29/29 MP: 1/1
   339 | D:1      | Reached XP level 3. HP: 30/36 MP: 2/2
   965 | D:2      | Noticed Jessica
   974 | D:2      | Killed Jessica
   974 | D:2      | Gained mutation: Your natural rate of healing is unusually
                  | fast. [Troll growth]
   974 | D:2      | Reached XP level 4. HP: 43/45 MP: 3/3
  1213 | D:2      | Found a blossoming altar of Fedhas.
  1296 | D:2      | Became a worshipper of Fedhas Madash
  1700 | D:3      | Found a snail-covered altar of Cheibriados.
  2013 | D:3      | Found a stormy altar of Qazlal.
  2129 | D:3      | Reached XP level 5. HP: 53/53 MP: 4/4
  2158 | D:3      | HP: 2/53 [bat (1)]
  2170 | D:3      | Reached skill level 5 in Unarmed Combat
  2754 | D:4      | Reached XP level 6. HP: 57/62 MP: 5/5
  2771 | D:4      | Noticed a sky beast
  2779 | D:4      | Killed a sky beast
  3039 | D:4      | Reached XP level 7. HP: 61/70 MP: 6/6
  3658 | D:5      | Entered Level 5 of the Dungeon
  3682 | D:5      | Reached * piety under Fedhas
  4063 | D:5      | Found Parij's Weapon Shop.
  4226 | D:6      | Reached skill level 1 in Invocations
  4229 | D:6      | Noticed Prince Ribbit
  4259 | D:6      | Reached skill level 1 in Throwing
  4281 | D:6      | Killed Prince Ribbit
  4281 | D:6      | Reached ** piety under Fedhas
  4281 | D:6      | Reached skill level 5 in Fighting
  4281 | D:6      | Reached XP level 8. HP: 75/80 MP: 7/9
  4414 | D:6      | Noticed a hippogriff
  4420 | D:6      | Killed a hippogriff
  4466 | D:6      | Found a shimmering blue altar of Sif Muna.
  4710 | D:6      | Found a staircase to the Ecumenical Temple.
  4729 | D:6      | Reached skill level 5 in Invocations
  5115 | D:7      | Reached *** piety under Fedhas
  5158 | D:7      | Reached XP level 9. HP: 68/89 MP: 12/12
  5408 | D:7      | Noticed a troll
  5421 | D:7      | Killed a troll
  5421 | D:7      | Noticed an elephant
  5433 | D:7      | Killed an elephant
  5433 | D:7      | Reached **** piety under Fedhas
  5505 | D:7      | Noticed a death yak
  5521 | D:7      | Mangled by a death yak

Skill      XL: |  1  2  3  4  5  6  7  8  9 |
---------------+----------------------------+-----
Unarmed Combat | 3 4 5 6 7 |  7.0
Fighting       | 3 4 5 6 |  6.3
Invocations    | 3 5 7 |  7.2
Throwing       | 2 3 4 |  4.4
Dodging        | |  2.4
Shields        | |  2.0

Action                   |  1- 3 |  4- 6 |  7- 9 || total
-------------------------+-------+-------+-------++-------
Melee: Unarmed           |   127 |   143 |   249 ||   519
 Stab: Distracted        |     1 |       |       ||     1
  Eat: Chunk             |    10 |    14 |    16 ||    40
Armor: Skin              |    56 |    54 |   107 ||   217
Dodge: Dodged            |    50 |    50 |    80 ||   180
Block: Shield            |    54 |    55 |   130 ||   239
